 Dungeon Crawl Stone Soup version 0.27-a0-1555-g0e7b3fb1d2 (webtiles) character file.

Game seed: 11667194117759380099

21144 Leibowitz the Severer (level 12, -4/168 HPs)
             Began as a Minotaur Berserker on July 13, 2021.
             Was a High Priest of Trog.
             Succumbed to a meliai's poison
             ... on level 4 of the Lair of Beasts on July 15, 2021.
             The game lasted 00:29:13 (19317 turns).

Leibowitz the Severer (Minotaur Berserker)         Turns: 19317, Time: 00:29:13

Health: -4/168     AC: 12    Str: 26    XL:     12   Next: 51%
Magic:  11/11      EV: 13    Int:  4    God:    Trog [*****.]
Gold:   1104       SH:  0    Dex: 17    Spells: 11/11 levels left

rFire    . . .     SeeInvis .   I - +8 executioner's axe (flame)
rCold    . . .     Faith    +   (shield currently unavailable)
rNeg     . . .     Spirit   .   u - +0 chain mail {Will+}
rPois    .         Reflect  .   (helmet restricted)
rElec    .         Harm     .   (no cloak)
rCorr    .         Rampage  .   (no gloves)
Will     ++++.                  (no boots)
Stlth    ..........             E - amulet of faith
HPRegen  1.38/turn              f - ring of willpower
MPRegen  0.12/turn              G - +6 ring of dexterity

@: berserking, lethally poisoned (-4 -> -28), strong-willed, regenerating, very
quick
A: horns 2, retaliatory headbutt
a: Renounce Religion, Berserk, Trog's Hand, Brothers in Arms


You were on level 4 of the Lair of Beasts.
You worshipped Trog.
Trog was extremely pleased with you.
You visited 3 branches of the dungeon, and saw 15 of its levels.
You also visited: Ossuary.

You collected 1216 gold pieces.
You spent 112 gold pieces at shops.

Inventory:

Hand Weapons
 a - a +5 battleaxe
 j - a +1 short sword of venom
 A - a +0 war axe
 I - a +8 executioner's axe of flaming (weapon)
Missiles
 q - 2 throwing nets (quivered)
 B - 4 boomerangs of dispersal
 C - 7 curare-tipped darts
Armour
 u - a +0 chain mail of willpower (worn)
Jewellery
 f - a ring of willpower (left hand)
 o - an amulet of the acrobat
 t - a ring of ice
 E - an amulet of faith (around neck)
 G - a +6 ring of dexterity (right hand)
 L - a +6 ring of dexterity
Wands
 w - a wand of polymorph (7)
 D - a wand of paralysis (12)
 H - a wand of iceblast (11)
 K - a wand of charming (11)
 N - a wand of mindburst (14)
Scrolls
 d - 2 scrolls of magic mapping
 h - 2 scrolls of enchant armour {unknown}
 l - 9 scrolls of identify {unknown}
 m - a scroll of enchant weapon {unknown}
 r - 2 scrolls of fog {unknown}
 s - 2 scrolls of blinking {unknown}
 v - 4 scrolls of immolation {unknown}
 y - a scroll of amnesia {unknown}
 z - 3 scrolls of noise {unknown}
 F - 2 scrolls of teleportation {unknown}
 J - a scroll of vulnerability {unknown}
Potions
 b - 2 potions of berserk rage
 c - 2 potions of lignification {unknown}
 e - 2 potions of resistance {unknown}
 g - a potion of might {unknown}
 i - 2 potions of mutation {unknown}
 k - 3 potions of attraction {unknown}
 n - 2 potions of flight {unknown}
 p - 6 potions of curing
 x - 2 potions of haste {unknown}
 M - a potion of heal wounds
 O - a potion of cancellation {unknown}


   Skills:
 * Level 12.0 Fighting
 * Level 16.1 Axes
 + Level 0.1 Throwing
 * Level 11.9 Armour
 * Level 8.4 Dodging


You had 11 spell levels left.
You didn't know any spells.
Your spell library was empty.

Dungeon Overview and Level Annotations

Branches:
Dungeon (10/15)            Temple (0/1) D:4            Lair (4/6) D:9
 Shoals (0/4) Lair:2          Orc (1/2) D:10        Ossuary (visited)
  Snake: Lair:2-4    Spider: Lair:2-4

Altars:
Cheibriados
Dithmenos
Gozag
Nemelex Xobeh
Uskayaw
Wu Jian
Zin

Shops:
D:1 [   D:4 *   D:5 ((   D:9 *   Orc:1 :

Annotations:
Lair:2 exclusion: oklob plant


Innate Abilities, Weirdness & Mutations

You have a pair of horns on your head.
You reflexively headbutt those who attack you in melee.


Message History

You slash the elephant! You burn the elephant.
The elephant is moderately wounded.
You barely miss the meliai. You barely miss the killer bee.
You closely miss the killer bee. You hit the elephant. You burn the elephant.
You feel very sick. The killer bee stings you!
* * * LOW HITPOINT WARNING * * *
The killer bee closely misses you. The meliai hits you with a +0 war axe.
* * * LOW HITPOINT WARNING * * *
The meliai barely misses you. The killer bee stings you!
* * * LOW HITPOINT WARNING * * *
You are more poisoned.
The killer bee poisons you!
The elephant tramples you but does no damage.
The elephant misses you.
The elephant tramples you but does no damage.
The elephant trunk-slaps you.
* * * LOW HITPOINT WARNING * * *
The killer bee stings you!
* * * LOW HITPOINT WARNING * * *
The meliai completely misses you. The meliai stings you.
* * * LOW HITPOINT WARNING * * *
You are more poisoned.
The meliai poisons you!
The queen bee calls on the killer bee to defend it!
The killer bee goes berserk!
The queen bee calls on the killer bee to defend it!
The killer bee goes berserk!
The killer bee barely misses you. You furiously retaliate!
You headbutt the killer bee!!
You kill the killer bee!
Trog accepts your kill.
You cut the meliai into ribbons!!! You burn the meliai.
You kill the meliai!
Trog accepts your kill.
You completely miss the killer bee. You slash the elephant!
You burn the elephant!
You kill the elephant!
Trog accepts your kill.
You slice the elephant!! You burn the elephant.
You die...

≈≈≈.......Y#
...........##
§....§...#Y..#
§§≈≈§≈§§.#.Y# §§
##§§.9..## § #≈#§.#Y..#
#####§§§.#..###### #
§≈≈§§≈≈§......9#)#.##
.).§.........yYY@†y.#
....P......#.#..y#yy#
PP.#.P###......Yyy.yyy.
##.#.##
#.#≈#.P.#≈..#y.. ##..#
#.##≈≈≈≈≈≈..# ## ##.##
#.#≈≈≈≈≈≈≈#... ####..#
..#≈≈≈≈≈≈≈#...#
......##.....≈..#≈≈...#
.........


You could see 3 elephants, a queen bee, a molten gargoyle, 2 meliai and 8 killer
bees.

Vanquished Creatures
  A hydra (Lair:1)
  Pikel (D:7)
  A salamander (Lair:4)
  2 black mambas
  An elephant (Lair:4)
  9 cane toads
  Maggie (D:7)
  3 rime drakes (Lair:3)
  2 komodo dragons
  A meliai (Lair:4)
  Grinder (D:4)
  A hornet (shapeshifter) (D:10)
  14 blink frogs
  A snapping turtle (Lair:2)
  4 dream sheep (Lair:4)
  Sigmund (D:2)
  2 shadows (D:10)
  4 wyverns
  23 yaks
  3 wraiths
  A basilisk (Lair:2)
  Menkaure (D:7)
  3 wargs (Orc:1)
  A steam dragon (D:7)
  An acid dragon (D:10)
  4 water moccasins
  6 orc warriors
  4 black bears
  4 ogres
  2 centaurs
  A lemure (D:7)
  3 kobold brigands
  8 bullfrogs
  2 scorpions (D:5)
  10 killer bees
  6 wights
  A vampire bat (D:5)
  A howler monkey (D:6)
  An electric eel (Lair:2)
  A bullfrog zombie (D:7)
  3 centaur zombies
  3 hounds
  2 gnoll shamans
  2 centaur skeletons
  3 jellies
  13 orc priests
  A bullfrog skeleton (D:6)
  Jessica (D:2)
  3 iguanas
  Natasha (twice) (D:2)
  6 orc wizards
  A killer bee zombie (D:8)
  A hound zombie (D:5)
  A hound skeleton (D:4)
  2 howler monkey zombies
  12 gnolls
  8 adders
  2 howler monkey skeletons
  A shadow imp (D:7)
  A white imp (D:7)
  An adder zombie (Ossuary)
  A worm (D:3)
  2 dart slugs
  3 fire bats (D:5)
  41 orcs
  2 spectral bats (D:5)
  7 ball pythons
  3 bat skeletons (D:5)
  A bat zombie (D:5)
  8 endoplasms
  4 giant cockroaches
  9 goblins
  8 hobgoblins
  7 jackals (D:1)
  22 kobolds
  2 quokkas
  A ball python skeleton (Ossuary)
  17 bats
  A bat simulacrum (D:5)
  4 frilled lizards
  A hobgoblin skeleton (Ossuary)
  A hobgoblin zombie (Ossuary)
  2 kobold zombies (Ossuary)
  An orc zombie (Ossuary)
  5 rats
359 creatures vanquished.

Vanquished Creatures (others)
  8 fungi
  19 plants
  3 withered plants (D:2)
30 creatures vanquished.

Grand Total: 389 creatures vanquished

Notes
Turn   | Place    | Note
-------+----------+-------------------------------------------
     0 | D:1      | Leibowitz the Minotaur Berserker began the quest for the
                  | Orb.
     0 | D:1      | Reached XP level 1. HP: 19/19 MP: 0/0
    47 | D:1      | Found Zurch's Antique Armour Shoppe.
   280 | D:1      | Reached skill level 4 in Axes
   280 | D:1      | Reached XP level 2. HP: 26/27 MP: 1/1
   818 | D:1      | Reached XP level 3. HP: 25/33 MP: 2/2
  1010 | D:1      | Reached ** piety under Trog
  1355 | D:2      | Noticed Sigmund
  1372 | D:2      | Killed Sigmund
  1373 | D:2      | Reached skill level 5 in Fighting
  1373 | D:2      | Reached skill level 5 in Axes
  1373 | D:2      | Reached XP level 4. HP: 42/42 MP: 3/3
  1373 | D:2      | Reached XP level 5. HP: 48/48 MP: 4/4
  1680 | D:2      | Noticed Jessica
  1685 | D:2      | Killed Jessica
  1792 | D:2      | Found a faded altar of an unknown god.
  1810 | D:2      | Noticed Natasha
  1815 | D:2      | Killed Natasha
  1885 | D:2      | Noticed Natasha
  1895 | D:2      | Killed Natasha
  1896 | D:2      | Reached XP level 6. HP: 40/57 MP: 5/5
  3120 | D:3      | Reached *** piety under Trog
  3690 | D:3      | Found a sparkling altar of Nemelex Xobeh.
  3690 | D:3      | Found an opulent altar of Gozag.
  3751 | D:4      | Reached skill level 6 in Axes
  3859 | D:4      | Noticed Grinder
  3874 | D:4      | Paralysed by Grinder for 5 turns
  3881 | D:4      | Killed Grinder
  3882 | D:4      | Reached XP level 7. HP: 36/64 MP: 6/6
  4226 | D:4      | Found a staircase to the Ecumenical Temple.
  4295 | D:4      | Found Tokynac's General Store.
  4298 | D:4      | Bought a potion of curing for 42 gold pieces
  4298 | D:4      | Bought a potion of heal wounds for 70 gold pieces
  4607 | D:5      | Entered Level 5 of the Dungeon
  4660 | D:5      | Found Teiluk's Weapon Boutique.
  4678 | D:5      | Reached skill level 7 in Axes
  5081 | D:5      | Reached **** piety under Trog
  5082 | D:5      | Reached XP level 8. HP: 72/73 MP: 7/7
  5270 | D:5      | Reached skill level 5 in Armour
  5331 | D:5      | Found Biyppa's Antique Weapon Shoppe.
  5452 | D:5      | Reached skill level 8 in Axes
  5452 | D:5      | Reached skill level 5 in Dodging
  6672 | D:6      | Reached skill level 9 in Axes
  7082 | D:6      | Found a glowing silver altar of Zin.
  7323 | D:6      | Reached XP level 9. HP: 81/81 MP: 8/8
  7593 | D:7      | Found a snail-covered altar of Cheibriados.
  7737 | D:7      | Found a sand-covered staircase.
  7741 | Ossuary  | Entered an ossuary
  8054 | Ossuary  | Reached skill level 10 in Axes
  8537 | D:7      | Noticed Menkaure
  8544 | D:7      | Killed Menkaure
  8933 | D:7      | Found a faded altar of an unknown god.
  8933 | D:7      | Found an ornate altar of the Wu Jian Council.
  8940 | D:7      | Found a hide-covered altar of Uskayaw.
  8944 | D:7      | Found a faded altar of an unknown god.
  8945 | D:7      | Found a shadowy altar of Dithmenos.
  9102 | D:7      | Noticed Pikel
  9110 | D:7      | Killed Pikel
  9111 | D:7      | Reached skill level 11 in Axes
  9525 | D:7      | Noticed Maggie
  9534 | D:7      | Killed Maggie
  9788 | D:8      | Reached XP level 10. HP: 72/91 MP: 9/9
  9813 | D:8      | Reached ***** piety under Trog
 10162 | D:8      | Identified the +0 leather armour "Diriost" {Str+2}
 10705 | D:9      | Found a staircase to the Lair.
 10728 | D:9      | Reached skill level 12 in Axes
 11131 | D:9      | Found Cawnad's Assorted Antiques.
 12110 | Lair:1   | Entered Level 1 of the Lair of Beasts
 12111 | Lair:1   | Upgraded the game from 0.27-a0-1545-g3eddc1d3d3 to
                  | 0.27-a0-1555-g0e7b3fb1d2
 12148 | Lair:1   | Reached skill level 10 in Fighting
 12307 | Lair:1   | Noticed a six-headed hydra
 12430 | D:10     | Entered Level 10 of the Dungeon
 12487 | D:10     | Reached skill level 13 in Axes
 12874 | D:10     | Paralysed by a hornet for 3 turns
 12876 | D:10     | HP: 4/93 [poisoned by a hornet]
 12876 | D:10     | HP: 1/93 [hornet (shapeshifter) (3)]
 12881 | D:10     | Paralysed by a hornet for 2 turns
 12884 | D:10     | Reached skill level 10 in Armour
 12884 | D:10     | Reached XP level 11. HP: 15/100 MP: 10/10
 13351 | D:10     | Found a staircase to the Orcish Mines.
 13512 | Orc:1    | Entered Level 1 of the Orcish Mines
 13512 | Orc:1    | Found Asan's Self-Improvement Boutique.
 13938 | Orc:1    | Received a gift from Trog
 14461 | Lair:1   | Killed a three-headed hydra
 14721 | Lair:1   | Reached skill level 14 in Axes
 15948 | Lair:2   | Reached skill level 15 in Axes
 16818 | Lair:2   | Noticed an oklob plant
 16851 | Lair:2   | Reached XP level 12. HP: 110/110 MP: 11/11
 17329 | Lair:2   | Found a staircase to the Shoals.
 19164 | Lair:4   | Reached skill level 16 in Axes
 19316 | Lair:4   | HP: 8/168 [killer bee (7)]
 19316 | Lair:4   | HP: 3/168 [meliai (5)]
 19317 | Lair:4   | Succumbed to a meliai's poison

Illustrated notes

Levels and vault maps discovered:
D:1:      mushboom_english_gardens, layout_basic, serial_shops,
          nicolae_shop_overgrown_old_shop
D:2:      layout_basic, ebering_ecumenical_altar_petrified, uniq_sigmund,
          uniq_natasha, uniq_jessica
D:3:      layout_basic, grunt_temple_overflow_opulence, minmay_misc_feat_cross,
          st_stairs_12
D:4:      layout_loops_ring, temple_pool_b, serial_shops,
          nicolae_shop_behind_doors, chequers_serial_rivers_micro_b,
          uniq_grinder
D:5:      layout_loops_ring, serial_shops, nicolae_shop_statue_plus, shop,
          goddamned_bats
D:6:      layout_rooms, mainiacjoe_overflow_alcove_2
D:7:      lemuel_ice_spiral_2, layout_basic,
          chequers_temple_overflow_minitemple, cheibriados_altar_1,
          enter_ossuary_5, serial_aquarium, aquarium_bridge_island_small
          [aquarium_subvault_small_open, aquarium_subvault_bridge,
          aquarium_subvault_window, aquarium_subvault_bridge,
          aquarium_subvault_wall], aquarium_bridge_square
          [aquarium_subvault_bridge, aquarium_subvault_wall,
          aquarium_subvault_bridge, aquarium_subvault_bridge],
          aquarium_window_corridor_1, aquarium_window_2, aquarium_window_2,
          aquarium_view_2b, aquarium_pool_side, uniq_pikel, uniq_menkaure,
          uniq_maggie
D:8:      layout_rooms, nrook_mini_vaults, kennysheep_generic_room_14
D:9:      layout_loops_corners, david_lair_shrubbed, serial_shops,
          nicolae_lakefront_shop
D:10:     layout_basic, orc_0_dummy, minmay_holes, eino_curves_04
Lair:1:   layout_loops_ring
Lair:2:   layout_small_grid, minmay_shoals_entry_hut, grunt_megastairs_1,
          minmay_lair_oklob_chamber, serial_bayou_shore_b
Lair:3:   layout_regular_city, lemuel_fruit_fields
Lair:4:   layout_gridlike, minmay_snake_entry_guardpost_medium, special_room
          [special_room_bee]
Orc:1:    layout_diamond_mine, nicolae_shop_self_help

Skill      XL: |  1  2  3  4  5  6  7  8  9 10 11 12 |
---------------+-------------------------------------+-----
Axes           | 4 5 6 7 9 11 13 15 16 | 16.1
Fighting       | 4 5 6 7 9 10 11 12 | 12.0
Armour         | 3 4 6 8 10 11 | 11.9
Dodging        | 3 4 5 6 7 8 |  8.4
Throwing       | |  0.1

Action                   |  1- 3 |  4- 6 |  7- 9 | 10-12 || total
-------------------------+-------+-------+-------+-------++-------
Melee: Hand axe          |    78 |   110 |   235 |       ||   423
       Headbutt          |    11 |    21 |    68 |    64 ||   164
       War axe           |       |       |    58 |       ||    58
       Battleaxe         |       |       |    40 |   150 ||   190
       Executioner's axe |       |       |       |   152 ||   152
Throw: Throwing net      |       |       |     1 |       ||     1
Invok: Berserk           |     1 |     1 |     3 |     3 ||     8
       Trog's Hand       |       |       |     1 |     2 ||     3
  Use: Potion            |       |       |     1 |     3 ||     4
       Scroll            |       |       |     1 |       ||     1
 Stab: Sleeping          |       |     1 |       |       ||     1
Armor: Animal skin       |    13 |    10 |       |       ||    23
       Scale mail        |       |    13 |     3 |       ||    16
       Chain mail        |       |       |   168 |   144 ||   312
Dodge: Dodged            |    69 |    57 |   148 |   255 ||   529

Table legend: (Time is in decaauts)
 A = Elapsed time spent in this place.
 B = Non-inter-level travel time spent in this place.
 C = Inter-level travel time spent in this place.
 D = Time resting spent in this place.
 E = Time spent auto-exploring this place.
 F = Levels seen in this place.
 G = Mean time per level.
                   A        B        C        D        E       F      G
               +--------+--------+--------+--------+--------+-----+--------+
         Total |  19473 |  18793 |    680 |   3388 |  13072 |  16 | 1217.1 |
       Dungeon |  12833 |  12214 |    619 |   2149 |   8496 |  10 | 1283.3 |
          Lair |   5146 |   5098 |     48 |    861 |   3729 |   4 | 1286.5 |
  Orcish Mines |    874 |    861 |     13 |    211 |    563 |   1 |  874.0 |
       Ossuary |    618 |    618 |      0 |    167 |    284 |   1 |  618.0 |
               +--------+--------+--------+--------+--------+-----+--------+

Top non-repeatable levels by time:
  Lair:2: 2333 daAuts
     D:9: 1771 daAuts
     D:5: 1658 daAuts
     D:7: 1567 daAuts
  Lair:3: 1372 daAuts
     D:3: 1349 daAuts
     D:1: 1336 daAuts
     D:6: 1287 daAuts
  Lair:1: 1257 daAuts
    D:10: 1148 daAuts
     D:2: 1067 daAuts
     D:4: 914 daAuts
   Orc:1: 874 daAuts
     D:8: 732 daAuts
 Ossuary: 618 daAuts
